Map: Ley Lines

Players

IIIlllllllll

  • Race: Zerg Zerg
  • Spawn Location: 1:00

llllllllllll - Winner!

  • Race: Zerg Zerg
  • League: Diamond
  • Spawn Location: 7:00

VOD

Have the link to the VOD?

Description

Time

  • Played on: April 25, 2025, 10:03 a.m.
  • Length: 3:20
Show
View Real Time Build Order
Export as new Build Order

IIIlllllllll Zerg 

Build Orders: Hatch First 

Get SALT Encoding   

  12  0:00  Drone  
  13  0:12  Overlord  
  13  0:17  Drone  
  14  0:30  Drone x2  
  14  0:35  Drone  
  17  0:56  Hatchery  
  16  0:58  Extractor  
  15  1:10  Spawning Pool  
  14  1:14  Drone  
  14  1:18  Drone  
  16  1:22  Drone  
  17  1:30  Overlord  
  17  1:38  Drone  
  18  1:56  Queen  
  18  1:58  Zergling x2  
  18  1:59  Zergling x2  
  22  2:15  Queen  
  24  2:28  Drone  
  25  2:31  Spine Crawler  
  25  2:33  Drone x2  
  26  2:37  Drone  
  27  2:47  Drone  
  27  2:48  Drone x2  
  30  2:57  Drone  
  31  3:01  Drone  
  31  3:02  Baneling Nest  
  31  3:03  Drone  
  32  3:08  Drone  
Show
View Real Time Build Order
Export as new Build Order

llllllllllll Zerg - Winner!

Build Orders: Hatch First 

Get SALT Encoding   

  12  0:00  Drone  
  13  0:08  Drone  
  14  0:14  Extractor  
  14  0:15  Drone  
  15  0:36  Hatchery  
  15  0:37  Extractor  
  15  0:40  Drone  
  14  0:56  Spawning Pool  
  13  1:00  Drone  
  14  1:10  Overlord  
  14  1:42  Metabolic Boost  
  14  1:44  Zergling x4  
  16  1:48  Queen  
  16  1:49  Zergling x2  
  16  1:52  Zergling x2  
  20  1:59  Overlord  
  20  2:03  Zergling x2  
  21  2:08  Zergling x2  
  21  2:11  Zergling x2  
  23  2:19  Zergling x2  
  23  2:22  Zergling x2  
  25  2:27  Zergling x2  
  26  2:33  Zergling x2  
  27  2:41  Zergling x2  
  27  2:43  Zergling x2  
  29  2:48  Overlord  
  29  2:54  Zergling x2  
  29  2:57  Zergling x2  
  29  2:58  Zergling x4  
Tags
 
League
Diamond
Matchup
ZvZ
Race
Zerg
Replay Pack
kreditionep2
Spawn Locations
Cross Positions
Add a new tag
Caveats
  • Supply blocks, unpowered buildings, or Contaminate may cause inaccurate times.
  • Supply counts are checked every 10 seconds.